 Dungeon Crawl Stone Soup version 0.18.1-50-g88ac8fd (webtiles) character file.

254 FallenPrincess the Conjurer (level 6, -9/33 HPs)
             Began as a Vine Stalker Conjurer on Oct 28, 2016.
             Was an Initiate of Gozag.
             Killed by divine providence
             ... invoked by an orc priest
              (12 damage)
             ... on level 4 of the Dungeon.
             The game lasted 00:24:51 (3449 turns).

FallenPrincess the Conjurer (Vine Stalker Conjurer) Turns: 3449, Time: 00:24:52

Health: -9/33      AC:  8    Str: 11    XL:     6   Next: 15%
Magic:  0/21       EV: 11    Int: 17    God:    Gozag
Gold:   466        SH:  0    Dex: 14    Spells: 2 memorised, 7 levels left

rFire  . . .     SeeInvis +     (no weapon)
rCold  . . .     Gourm    .     j - +4 ring mail {MR+}
rNeg   . . .     Faith    .     (no shield)
rPois  .         Spirit   +     s - +0 helmet
rElec  .         Dismiss  .     c - +0 cloak
rCorr  .         Reflect  .     (no gloves)
SustAt .         Harm     .     (no boots)
MR     +....                    (no amulet)
Stlth  ++........               k - ring of magical power
                                l - ring of see invisible

@: very slightly contaminated, drained, somewhat resistant to hostile
enchantments, unstealthy
A: fangs 2, blurry vision 1, deformed body, regeneration 2, robust 1, magic
shield, antimagic bite, no device heal 3, rot immunity
a: Potion Petition, Call Merchant, Bribe Branch, Renounce Religion


You were on level 4 of the Dungeon.
You worshipped Gozag.
Gozag was noncommittal.
You were hungry.

You visited 1 branch of the dungeon, and saw 4 of its levels.

You collected 466 gold pieces.

Inventory:

Missiles
 u - 3 needles of confusion
Armour
 c - a +0 cloak (worn)
 j - a +4 ring mail of magic resistance (worn)
 s - a +0 helmet (worn)
Jewellery
 k - a ring of magical power (right hand)
 l - a ring of see invisible (left hand)
 n - a +3 ring of dexterity
Scrolls
 h - a scroll of noise {unknown}
 i - 2 scrolls of teleportation
 p - 3 scrolls of immolation
 v - a scroll of remove curse
 w - 2 scrolls of identify
Potions
 d - 2 potions of agility {unknown}
 e - a potion of cancellation {unknown}
 f - 3 potions of mutation
 g - 2 potions of magic {unknown}
 o - a potion of lignification {unknown}
 r - 2 potions of degeneration
 x - 2 potions of curing {unknown}
Books
 b - a book of Conjurations

   Spells                             Type                      Level
   a - Magic Dart                     Conjuration                  1
   b - Searing Ray                    Conjuration                  2
   c - Dazzling Spray                 Conjuration/Hexes            3
   d - Fulminant Prism                Conjuration/Hexes            4
   e - Iskenderun's Mystic Blast      Conjuration                  4
   f - Iskenderun's Battlesphere      Conjuration/Charms           5
 m - a Necronomicon

   Spells                             Type                      Level
   a - Haunt                          Necromancy/Summoning         7
   b - Borgnjor's Revivification      Necromancy                   8
   c - Death's Door                   Charms/Necromancy            8
   d - Necromutation                  Transmutation/Necromancy     8
 t - a book of Battle

   Spells                             Type                      Level
   a - Infusion                       Charms                       1
   b - Shroud of Golubria             Charms/Translocation         2
   c - Song of Slaying                Charms                       2
   d - Spectral Weapon                Hexes/Charms                 3
   e - Regeneration                   Charms/Necromancy            3
Comestibles
 q - 4 fruits
 z - a bread ration


   Skills:
 + Level 1.2(1.0) Fighting
 + Level 1.7(1.5) Armour
 + Level 2.4(2.2) Dodging
 + Level 3.0(2.8) Stealth
 + Level 0.2(0.0) Unarmed Combat
 + Level 3.6(3.4) Spellcasting
 + Level 4.9(4.7) Conjurations


You had 7 spell levels left.
You knew the following spells:

 Your Spells              Type           Power        Failure   Level  Hunger
a - Magic Dart            Conj           ###.         8%          1    None
b - Iskenderun's Mystic   Conj           ###.....     61%         4    ####...


Dungeon Overview and Level Annotations

Branches:
Dungeon (4/15)
 Temple: D:4-7

Altars:
Dithmenos
Gozag
Pakellas
Qazlal
Trog


Innate Abilities, Weirdness & Mutations

You have extremely sharp teeth.
You heal very quickly.
When hurt, damage is shared between your health and your magic reserves.
Your bite disrupts and absorbs the magic of your enemies.
Potions and wands cannot restore your health.
You are immune to rotting.
Scrolls take you a little longer to read.
Armour fits poorly on your strangely shaped body.
You are robust (+10% HP).


Message History

Beogh smites you!
* * * LOW HITPOINT WARNING * * *
The orc wizard barely misses you. The orc wizard closely misses you.
The orc wizard hits you but does no damage.
The orc wizard hits you but does no damage.
The orc wizard gestures at you while chanting.
You resist with almost no effort.
The orc priest invokes the aid of Beogh against you.
Beogh smites you!
* * * LOW HITPOINT WARNING * * *
The phantom blinks!
The orc wizard casts a spell at you. You resist with almost no effort.
The orc priest calls upon Beogh to heal the orc wizard.
There is a shaft here.
The orc priest calls down the wrath of Beogh upon you.
Beogh smites you!
You die...
Your body crumbles into a pile of gold.

***,**,,,,,* #..#
##*,**,,,,,* ##o#
..,,,,,,,,,* #.#
.#*,#*,,,,,* #.#
.##.#*,,,,,* #o#
...,******** #.#
.#*** #o# .# #^#
.# #@#
.###############.#
.#..........>....#
.#.##.##.#########
......##..#
###...###.#
#E#...#E#.#
###...###.#
..........#


You could see an orc priest and 2 orc wizards.

Vanquished Creatures
  A centaur skeleton (D:4)
  Ijyb (D:2)
  Natasha (D:3)
  An iguana (D:4)
  A worker ant (D:4)
  6 adders
  A worm (D:2)
  2 giant geckos
  4 orcs
  2 ball pythons
  5 bats
  3 giant cockroaches
  10 hobgoblins
  A quokka (D:2)
  A giant newt (D:3)
  10 goblins
  10 kobolds
  9 rats (D:1)
69 creatures vanquished.

Vanquished Creatures (others)
  An iguana (D:3)
1 creature vanquished.

Grand Total: 70 creatures vanquished

Notes
Turn   | Place    | Note
--------------------------------------------------------------
     0 | D:1      | FallenPrincess the Vine Stalker Conjurer began the quest for the Orb.
     0 | D:1      | Reached XP level 1. HP: 9/9 MP: 4/4
   198 | D:1      | Reached XP level 2. HP: 13/13 MP: 4/6
  1120 | D:2      | Found a faded altar to an unknown god.
  1133 | D:2      | Became a worshipper of Gozag Ym Sagoz the Greedy
  1138 | D:2      | Reached XP level 3. HP: 16/16 MP: 5/8
  1957 | D:3      | Noticed Ijyb
  2023 | D:3      | Reached skill level 1 in Armour
  2023 | D:3      | Reached XP level 4. HP: 18/21 MP: 9/9
  2163 | D:2      | Killed Ijyb
  2440 | D:3      | Reached XP level 5. HP: 24/25 MP: 9/10
  2497 | D:3      | Noticed Natasha
  2505 | D:3      | Killed Natasha
  2520 | D:3      | Learned a level 4 spell: Iskenderun's Mystic Blast
  2614 | D:3      | Found an oddly glowing altar of Pakellas.
  2614 | D:3      | Noticed an orange crystal statue
  3082 | D:4      | Reached skill level 1 in Fighting
  3082 | D:4      | Gained mutation: You heal very quickly. [Vine Stalker growth]
  3082 | D:4      | Reached XP level 6. HP: 25/30 MP: 6/12
  3116 | D:4      | Gained mutation: Scrolls take you a little longer to read. [potion of mutation]
  3116 | D:4      | Gained mutation: Armour fits poorly on your strangely shaped body. [potion of mutation]
  3116 | D:4      | Gained mutation: You are robust (+10% HP). [potion of mutation]
  3289 | D:4      | Found a bloodstained altar of Trog.
  3351 | D:4      | Noticed a water elemental
  3354 | D:4      | Found a stormy altar of Qazlal.
  3356 | D:4      | Noticed a fire elemental
  3359 | D:4      | Noticed an air elemental
  3403 | D:4      | Found a shadowy altar of Dithmenos.
  3424 | D:4      | Noticed a phantom
  3446 | D:4      | HP: 1/33 [orc priest/divine providence (11)]
  3449 | D:4      | Killed from afar by an orc priest

Skill      XL: |  1  2  3  4  5 |
---------------+----------------+-----
Armour         | 1 |  1.7
Spellcasting   | 3 |  3.6
Dodging        | 2 |  2.4
Stealth        | 3 |  3.0
Fighting       | 1 |  1.2
Unarmed Combat | |  0.2
Conjurations   | |  4.9

Action                   |  1- 3 |  4- 6 || total
-------------------------+-------+-------++-------
Melee: Unarmed           |    23 |    18 ||    41
       Bite              |     7 |     6 ||    13
 Cast: Magic Dart        |    78 |   106 ||   184
       Iskenderun's Myst |       |     4 ||     4
  Use: Scroll            |     4 |     6 ||    10
       Potion            |       |     1 ||     1
  Eat: Bread ration      |     1 |     1 ||     2
Armor: Leather armour    |    13 |     6 ||    19
       Ring mail         |       |    32 ||    32
Dodge: Dodged            |    46 |    69 ||   115
